 Dungeon Crawl Stone Soup version 0.30-a0-1053-gbd8d5ba0ad (webtiles) character file.

Game seed: 17642377297120288453

1309 Smoke131 the Fighter (level 8, 0/88 HPs)
             Began as an Ogre Gladiator on Apr 12, 2023.
             Was an Initiate of Okawaru.
             Splashed by a jelly's acid (9 damage)
             ... on level 5 of the Dungeon.
             The game lasted 00:14:13 (4323 turns).

Smoke131 the Fighter (Ogre Gladiator)               Turns: 4323, Time: 00:14:14

Health: 0/88       AC: -5    Str: 21    XL:     8   Next: 58%
Magic:  8/8        EV: 10    Int:  9    God:    Okawaru [......]
Gold:   101        SH:  0    Dex: 10    Spells: 7/7 levels left

rFire   . . .      SeeInvis .    a - +1 trident
rCold   . . .      Faith    .    (no shield)
rNeg    . . .      Spirit   .    b - +0 robe
rPois   .          Reflect  .    c - +0 hat
rElec   .          Rampage  .    (no cloak)
rCorr   .                        (gloves unavailable)
Will    .....                    (boots unavailable)
Stlth   +                        i - amulet of regeneration
HPRegen 1.14/turn                (no ring)
MPRegen 0.11/turn                (no ring)

@: corroded
A: large, unfitting armour, tough skin 1
a: Renounce Religion


You were on level 5 of the Dungeon.
You worshipped Okawaru.
Okawaru was noncommittal.
You visited 2 branches of the dungeon, and saw 6 of its levels.

You collected 101 gold pieces.

Inventory:

Hand Weapons
 a - a +1 trident (weapon)
Missiles
 d - 3 throwing nets
 e - a large rock
 f - a boomerang
 l - 2 atropa-tipped darts
 x - 8 poisoned darts
 y - 3 javelins (quivered)
Armour
 b - a +0 robe (worn)
 c - a +0 hat (worn)
 g - a +0 tower shield
Jewellery
 i - an amulet of regeneration (around neck)
Scrolls
 h - a scroll of enchant weapon
 r - 2 scrolls of fear {unknown}
 s - 2 scrolls of blinking {unknown}
 u - a scroll of identify
Potions
 j - a potion of mutation {unknown}
 k - a potion of magic {unknown}
 n - 2 potions of curing {unknown}
 o - 2 potions of might {unknown}
 p - a potion of berserk rage {unknown}
 q - 2 potions of flight {unknown}
 t - 3 potions of lignification {unknown}


   Skills:
 + Level 8.0 Fighting
 + Level 6.5 Polearms
 + Level 6.0 Throwing
 - Level 3.0 Dodging
 + Level 0.5 Invocations


You had 7 spell levels left.
You didn't know any spells.
Your spell library contained the following spells:

 Spells                   Type           Power      Damage    Failure   Level
 Magic Dart               Conj           0%         1d3       38%         1
 Necrotise                Necr           0%         1d4       38%         1
 Scorch                   Fire           0%         2d5       52%         2
 Ignite Poison            Fire/Tmut/Pois 0%         N/A       77%         3
 Mephitic Cloud           Conj/Pois/Air  0%         N/A       77%         3
 Vampiric Draining        Necr           0%         2d6       77%         3
 Volatile Blastmotes      Fire/Tloc      0%         2d10      77%         3
 Flame Wave               Conj/Fire      0%         2d4       99%         4
 Fulminant Prism          Conj/Hex       0%         3d5       99%         4
 Iskenderun's Mystic Bla  Conj/Tloc      0%         2d3       99%         4
 Sticky Flame             Conj/Fire      0%         2d3       99%         4
 Agony                    Necr           0%         N/A       100%        5
 Lee's Rapid Deconstruct  Erth           0%         3d4*      100%        5
 Ignition                 Fire           0%         3d3       100%        8
 Call Imp                 Summ           Unusable   N/A       N/A         2
 Summon Cactus Giant      Summ           Unusable   N/A       N/A         6

Dungeon Overview and Level Annotations

Branches:
Dungeon (5/15)             Temple (1/1) D:5

Altars:
Ashenzari
Cheibriados
Dithmenos
Elyvilon
Gozag
Kikubaaqudgha
Makhleb
Nemelex Xobeh
Okawaru
Qazlal
Ru
Trog
Uskayaw
Vehumet
Wu Jian
Xom
Yredelemnul
Zin
The Shining One


Innate Abilities, Weirdness & Mutations

You are too large for most types of armour.
You have tough skin. (AC +1)


Message History

The iguana attacks as you move away! The iguana bites you!
* * * LOW HITPOINT WARNING * * *
Things that are here:
a +0 club; a +0 ring mail; an orc corpse The jelly attacks as you move away!
The jelly hits you. The acid corrodes you!
You are splashed with acid!
* * * LOW HITPOINT WARNING * * *
The jelly attacks as you move away! The jelly hits you.
* * * LOW HITPOINT WARNING * * *
You are splashed with acid!
* * * LOW HITPOINT WARNING * * *
You feel much better. The jelly barely misses you.
The jelly attacks as you move away! The jelly hits you.
You are splashed with acid!
Throw: 5 javelins
Press: ? - help, Q - select action, (/) - cycle Shift-Dir - straight line, f - jelly
Aim: a jelly (90% to hit)
You throw a javelin. The javelin pierces through the jelly.
The jelly is lightly wounded.
The javelin pierces through the iguana but does no damage.
The javelin pierces through the orc priest but does no damage.
The jelly hits you.
You are splashed with acid!
* * * LOW HITPOINT WARNING * * *
Throw: 4 javelins
Press: ? - help, Q - select action, (/) - cycle Shift-Dir - straight line, f/p - jelly
Aim: a jelly (lightly wounded, 90% to hit)
You throw a javelin. The javelin pierces through the jelly.
The jelly is lightly wounded.
The javelin pierces through the iguana but does no damage.
The javelin completely misses the orc priest.
The javelin pierces through the sleepcap!
The sleepcap is severely damaged.
The jelly hits you.
* * * LOW HITPOINT WARNING * * *
You are splashed with acid!
* * * LOW HITPOINT WARNING * * *
The jelly hits you.
* * * LOW HITPOINT WARNING * * *
You are splashed with acid!
You die...

))).)....##..#..#
#######..[...†..#
#.###....### #.#
#......# #.#
#.####.# #.# #.#
#.# #.# #.# #.#
#.# #.# #.# #.
#.# #@# #.# #J#
#l# ##########o#
#o....#...f#
#..#..#.)###
#.f#..#.f#
#..#o.#..#
#.##.##.##


You could see a sleepcap, an iguana, a jelly and an orc priest.

Vanquished Creatures
  Pikel (D:4)
  2 black bears (D:4)
  An ogre (D:4)
  A lemure (D:4)
  A scorpion (D:5)
  3 hounds (D:5)
  An orc priest (D:4)
  2 jellies (D:5)
  A gnoll bouda (D:5)
  An iguana (D:5)
  An orc wizard (D:4)
  9 gnolls
  9 adders
  A white imp (D:5)
  2 worms
  A dart slug (D:2)
  12 orcs
  6 ball pythons
  4 endoplasms
  3 giant cockroaches
  8 goblins
  9 hobgoblins
  3 quokkas
  4 bats
  5 frilled lizards
  4 kobolds
  3 rats
98 creatures vanquished.

Notes
Turn   | Place    | Note
-------+----------+-------------------------------------------
     0 | D:1      | Smoke131 the Ogre Gladiator began the quest for the Orb.
     0 | D:1      | Reached XP level 1. HP: 22/22 MP: 1/1
   120 | D:1      | Reached skill level 3 in Fighting
   120 | D:1      | Reached XP level 2. HP: 28/31 MP: 2/2
   601 | D:2      | Reached XP level 3. HP: 27/37 MP: 3/3
   729 | D:2      | Found a faded altar of an unknown god.
   983 | D:2      | Reached XP level 4. HP: 48/48 MP: 4/4
  1101 | D:2      | Reached skill level 4 in Fighting
  1738 | D:3      | Found a shadowy altar of Dithmenos.
  2370 | D:4      | Reached XP level 5. HP: 50/54 MP: 5/5
  2466 | D:4      | Noticed an ogre
  2496 | D:4      | Killed an ogre
  2658 | D:4      | Noticed a lemure
  2658 | D:4      | Noticed a lemure
  2659 | D:4      | Noticed a lemure
  2661 | D:4      | Noticed Pikel
  2694 | D:4      | Killed a lemure
  2705 | D:4      | HP: 2/55 [Pikel/+1 whip of electrocution (3)]
  2781 | D:4      | Reached skill level 5 in Fighting
  2781 | D:4      | Reached XP level 6. HP: 36/66 MP: 6/6
  3015 | D:4      | Killed Pikel
  3016 | D:4      | Reached skill level 6 in Fighting
  3016 | D:4      | Reached skill level 5 in Polearms
  3016 | D:4      | Reached XP level 7. HP: 33/76 MP: 7/7
  3150 | D:5      | Entered Level 5 of the Dungeon
  3167 | D:4      | Reached skill level 5 in Throwing
  3383 | D:5      | Reached skill level 7 in Fighting
  3414 | D:5      | Reached XP level 8. HP: 75/87 MP: 8/8
  3863 | D:5      | Identified the +3 chain mail "Geicacy" {Regen+ Slay+3}
  4147 | D:5      | Found a staircase to the Ecumenical Temple.
  4205 | Temple   | Entered the Ecumenical Temple
  4214 | Temple   | Became a worshipper of Warmaster Okawaru
  4293 | D:5      | Reached skill level 8 in Fighting
  4323 | D:5      | Splashed by a jelly's acid

Illustrated notes

Levels and vault maps discovered:
D:1:      erik_arrival_orb_chamber, layout_rooms, minmay_cut_off
D:2:      layout_loops_ring, basic_ecumenical_altar, chequers_big_river,
          minivault_25, minmay_unequal
D:3:      layout_loops_ring, mainiacjoe_overflow_catwalk
D:4:      layout_basic, uniq_pikel
D:5:      minmay_angry_zag, layout_loops_ring, minmay_temple_entry_arrows,
          kennysheep_generic_room_10
Temple:   nicolae_temple_no_exploring_needed

Skill      XL: |  1  2  3  4  5  6  7  8 |
---------------+-------------------------+-----
Fighting       | 3 4 5 6 7 8 |  8.0
Dodging        | 3 |  3.0
Throwing       | 3 4 5 6 |  6.0
Polearms       | 4 5 6 |  6.5
Invocations    | |  0.5

Action                     |  1- 3 |  4- 6 |  7- 9 || total
---------------------------+-------+-------+-------++-------
  Melee: Trident           |   114 |   102 |   156 ||   372
         Punch             |       |     1 |     1 ||     2
  Throw: Dart              |       |    19 |    21 ||    40
         Boomerang         |       |     4 |       ||     4
         Throwing net      |       |     3 |       ||     3
         Large rock        |       |     1 |       ||     1
         Javelin           |       |       |     2 ||     2
    Use: Scroll            |       |     9 |     1 ||    10
         Potion            |       |     4 |     2 ||     6
   Stab: Sleeping          |     1 |       |       ||     1
 Armour: Robe              |    47 |    18 |    43 ||   108
  Dodge: Dodged            |    61 |    68 |   108 ||   237

Table legend: (Time is in decaauts)
 A = Elapsed time spent in this place.
 B = Non-inter-level travel time spent in this place.
 C = Inter-level travel time spent in this place.
 D = Time resting spent in this place.
 E = Time spent auto-exploring this place.
 F = Levels seen in this place.
 G = Mean time per level.
                   A        B        C        D        E       F      G
               +--------+--------+--------+--------+--------+-----+--------+
         Total |   4333 |   4106 |    227 |    492 |   2337 |   6 |  722.2 |
       Dungeon |   4314 |   4103 |    211 |    492 |   2337 |   5 |  862.8 |
        Temple |     18 |      2 |     16 |      0 |      0 |   1 |   18.0 |
               +--------+--------+--------+--------+--------+-----+--------+

Top non-repeatable levels by time:
     D:4: 1474 daAuts
     D:2: 952 daAuts
     D:3: 758 daAuts
     D:1: 574 daAuts
     D:5: 554 daAuts
  Temple: 18 daAuts
